 Dungeon Crawl Stone Soup version 0.31.0-11-ge490571c62 (webtiles) character file.

Game seed: 12703983169545044377

5972 Flugkiller the Fighter (level 10, -1/96 HPs)
             Began as a Minotaur Fighter on Jan 29, 2024.
             Was a Believer of Cheibriados.
             Slain by a two-headed ogre
             ... wielding a +0 giant spiked club
              (24 damage)
             ... on level 9 of the Dungeon.
             The game lasted 00:04:00 (9674 turns).

Flugkiller the Fighter (Minotaur Fighter)           Turns: 9674, Time: 00:04:01

Health: -1/96      AC: 17    Str: 31    XL:     10   Next: 55%
Magic:  12/12      EV: 10    Int: 11    God:    Cheibriados [**....]
Gold:   549        SH: 11    Dex: 16    Spells: 9/9 levels left

rFire   . . .        a - +0 war axe
rCold   + . .        K - +0 buckler
rNeg    . . .        z - +0 plate armour
rPois   +            v - +0 mask of the Dragon {Will+ Slay+3 SInv}
rElec   .            p - +0 cloak
rCorr   .            g - +0 pair of gloves
SInv    +            B - +0 pair of boots
Will    +....        k - amulet of reflection Stlth
                     o - ring of poison resistance
HPRegen 0.36/turn    c - ring of protection from cold
MPRegen 0.13/turn

%: reflection
@: very slow
A: horns 2, retaliatory headbutt
a: Renounce Religion, Bend Time


You were on level 9 of the Dungeon.
You worshipped Cheibriados.
Cheibriados was pleased with you.
You visited 1 branch of the dungeon, and saw 12 of its levels.

You collected 675 gold pieces.
You spent 126 gold pieces at shops.

Inventory:

Hand Weapons
 a - a +0 war axe (weapon)
Missiles
 l - 2 throwing nets (quivered)
Armour
 g - a +0 pair of gloves (worn)
   (You bought it in a shop on level 3 of the Dungeon)
 m - a scarf of resistance
   (You found it on level 4 of the Dungeon)
 p - a +0 cloak (worn)
   (You found it on level 3 of the Dungeon)
 v - the +0 mask of the Dragon (worn) {Will+ Slay+3 SInv}
   (You found it on level 6 of the Dungeon)

   Slay+3:    It affects your accuracy & damage with ranged weapons and melee
   (+3).
   Will+:     It increases your willpower.
   SInv:      It lets you see invisible.
 z - a +0 plate armour (worn)
   (You found it on level 4 of the Dungeon)
 B - a +0 pair of boots (worn)
   (You found it on level 5 of the Dungeon)
 K - a +0 buckler (worn)
Jewellery
 c - a ring of protection from cold (right hand)
   (You found it on level 11 of the Dungeon)
 k - an amulet of reflection (around neck)
   (You found it on level 3 of the Dungeon)
 o - a ring of poison resistance (left hand)
   (You found it on level 2 of the Dungeon)
 E - a ring of flight
   (You took it off a wight on level 8 of the Dungeon)
 G - an amulet of the acrobat
   (You found it on level 8 of the Dungeon)
 H - an amulet of guardian spirit
   (You found it on level 8 of the Dungeon)
 J - a +6 ring of dexterity
   (You found it on level 11 of the Dungeon)
Wands
 e - a wand of roots (5)
   (You found it on level 3 of the Dungeon)
 A - a wand of light (5)
   (You found it on level 5 of the Dungeon)
Scrolls
 b - 2 scrolls of vulnerability {unknown}
 f - 2 scrolls of revelation
 h - a scroll of immolation
 i - a scroll of fear
 r - 4 scrolls of identify
 t - 6 scrolls of teleportation
 u - a scroll of enchant armour
 y - a scroll of amnesia {unknown}
 D - a scroll of silence {unknown}
 I - a scroll of fog {unknown}
Potions
 d - a potion of might
 j - 2 potions of berserk rage {unknown}
 n - a potion of resistance
 q - 2 potions of curing
 s - a potion of enlightenment
 w - 4 potions of heal wounds
 x - 3 potions of lignification
 C - 2 potions of mutation {unknown}
 F - a potion of brilliance {unknown}


   Skills:
 * Level 11.2 Fighting
 * Level 10.8 Axes
 + Level 8.4 Armour
 + Level 4.7 Dodging
 - Level 6.3 Shields
 + Level 4.2 Invocations


You had 9 spell levels left.
You didn't know any spells.
Your spell library contained the following spells:

 Spells                   Type           Power      Damage    Failure   Level
 Magic Dart               Conj           0%         1d3       96%         1
 Summon Small Mammal      Summ           0%         N/A       96%         1
 Blink                    Tloc           0%         N/A       99%         2
 Call Imp                 Summ           0%         N/A       99%         2
 Cigotuvi's Dreadful Rot  Necr/Alch/Air  0%         N/A       99%         2
 Ensorcelled Hibernation  Hex/Ice        0%         N/A       99%         2
 Call Canine Familiar     Summ           0%         N/A       100%        3
 Fugue of the Fallen      Necr           0%         N/A       100%        3
 Anguish                  Hex/Necr       0%         N/A       100%        4
 Dispel Undead            Necr           0%         3d6       100%        4
 Martyr's Knell           Necr/Summ      0%         N/A       100%        4
 Summon Blazeheart Golem  Fire/Summ      0%         N/A       100%        4
 Death Channel            Necr           0%         N/A       100%        6


Dungeon Overview and Level Annotations

Branches:
Dungeon (12/15)            Temple (0/1) D:7            Lair (0/5) D:10
    Orc: D:9-12

Altars:
Cheibriados
Elyvilon
Kikubaaqudgha
Makhleb
Nemelex Xobeh
Qazlal
Uskayaw
Wu Jian
Yredelemnul
Zin

Shops:
D:3 [

Annotations:
D:4 2 transporters


Innate Abilities, Weirdness & Mutations

You have a pair of horns on your head.
You reflexively headbutt those who attack you in melee.


Message History

You kill the kobold brigand!
Cheibriados appreciates the change of pace.
You slash the kobold!
You kill the kobold!
Cheibriados appreciates the change of pace.
No target in view!
No target in view!
You now have 548 gold pieces (gained 15).
Items here: (( ))) [[ ††.
No target in view!
You now have 549 gold pieces (gained 1).
You see here a +0 dagger.
An orc comes into view. It is wielding a +0 club.
The orc shouts!
You hear a shout!
An orc wizard comes into view. It is wielding a +0 dagger.
An orc comes into view. It is wielding a +0 club.
There are monsters nearby!
The orc wizard gestures at you while chanting.
You resist with almost no effort. The orc barely misses you.
You slash the orc!
You kill the orc!
Cheibriados appreciates the change of pace.
The orc wizard barely misses you.
Things that are here:
a +0 club; a +0 ring mail; an orc corpse You slash the orc wizard!
The orc wizard is heavily wounded.
The orc wizard hits you but does no damage.
You hit the orc wizard.
You headbutt the orc wizard, but do no damage.
The orc wizard is severely wounded.
You slash the orc!
You kill the orc!
Cheibriados appreciates the change of pace.
The orc wizard hits you but does no damage.
You hit the orc wizard but do no damage.
You headbutt the orc wizard.
The orc wizard is almost dead.
The orc wizard barely misses you.
You hit the orc wizard.
You kill the orc wizard!
Cheibriados appreciates the change of pace.
Cheibriados raises the support of your attributes as your movement slows.
No target in view!
No target in view!
No target in view!
No target in view!
There is a stone staircase leading up here.
You climb upwards.
There is a stone staircase leading down here.
You open the door.
There is an open door here.
You open the door.
Found a stone staircase leading up.
A two-headed ogre comes into view.
It is wielding two +0 giant spiked clubs.
Found an escape hatch in the floor.
The two-headed ogre shouts in stereo!
A boulder beetle comes into view.
There is an open door here.
There are monsters nearby!
The boulder beetle curls into a ball and begins rolling!
You barely miss the two-headed ogre. You headbutt the two-headed ogre!
The two-headed ogre is moderately wounded.
The two-headed ogre hits you with a +0 giant spiked club.
The two-headed ogre hits you but does no damage.
There is an open door here.
The boulder beetle hits you!!
The boulder beetle stops rolling and uncurls.
You slash the boulder beetle!
The boulder beetle is lightly wounded.
You block the boulder beetle's attack.
You hit the boulder beetle but do no damage.
You headbutt the boulder beetle, but do no damage.
The boulder beetle is lightly wounded.
The boulder beetle bites you!
You slice the boulder beetle!!
The boulder beetle is moderately wounded.
The boulder beetle leaps!
You barely miss the two-headed ogre.
The two-headed ogre is lightly wounded.
The two-headed ogre hits you with a +0 giant spiked club.
The two-headed ogre misses you.
You slice the two-headed ogre!!
The two-headed ogre is heavily wounded.
You barely miss the two-headed ogre.
The two-headed ogre is heavily wounded.
The two-headed ogre hits you with a +0 giant spiked club!!
* * * LOW HITPOINT WARNING * * *
The two-headed ogre hits you with a +0 giant spiked club.
* * * LOW HITPOINT WARNING * * *
The boulder beetle curls into a ball and begins rolling!
You are too injured to fight recklessly!
You are too injured to fight recklessly!
You slash the two-headed ogre!
Your headbutt misses the two-headed ogre.
The two-headed ogre is severely wounded.
The two-headed ogre barely misses you. You furiously retaliate!
You headbutt the two-headed ogre.
The two-headed ogre hits you with a +0 giant spiked club!!
You die...

+.......)..>.#
#......÷.....#
#............#
#............#
#............#
#............#
#............#
######'#######
#...@.#
#####O#
#######'####
#.........>#
#.....°.B<.#
#.......○..#
#..........#
#..........#
+..........#


You could see a boulder beetle (rolling) and a two-headed ogre.

Vanquished Creatures
  A two-headed ogre (D:10)
  A cyclops (D:10)
  An unseen horror (D:11)
  A troll (D:10)
  A hornet (D:10)
  A wraith (D:11)
  A basilisk (D:10)
  2 wyverns (D:10)
  A steam dragon (D:8)
  4 water moccasins
  3 orc warriors
  2 ice beasts
  3 black bears
  An ogre (D:4)
  3 wolves (D:10)
  A phantom (D:4)
  2 centaurs
  A kobold brigand (D:10)
  3 scorpions
  2 bullfrogs (D:8)
  3 wights (D:8)
  2 howler monkeys (D:9)
  2 electric eels (D:8)
  A lava snake (D:7)
  A quasit (D:4)
  5 hounds
  3 jellies
  2 bombardier beetles (D:5)
  2 orc priests
  2 gnoll boudas
  Crazy Yiuf (D:7)
  4 iguanas
  Jessica (D:3)
  4 orc wizards
  3 sleepcaps
  2 hound zombies (D:4)
  10 gnolls
  5 adders
  4 shadow imps
  5 white imps
  10 ufetubi
  2 adder zombies (D:4)
  4 dart slugs
  2 ribbon worms
  19 orcs
  6 ball pythons
  3 endoplasms
  2 giant cockroaches
  7 goblins
  2 hobgoblins
  3 jackals (D:1)
  10 kobolds
  2 quokkas
  4 bats
  3 frilled lizards
  7 rats
183 creatures vanquished.

Notes
Turn   | Place    | Note
-------+----------+-------------------------------------------
     0 | D:1      | Flugkiller the Minotaur Fighter began the quest for the
                  | Orb.
     0 | D:1      | Reached XP level 1. HP: 19/19 MP: 0/0
    88 | D:1      | Reached XP level 2. HP: 27/27 MP: 1/1
   116 | D:1      | Reached skill level 4 in Fighting
  1039 | D:2      | Reached XP level 3. HP: 33/33 MP: 2/2
  1347 | D:2      | Reached XP level 4. HP: 33/41 MP: 3/3
  2092 | D:3      | Noticed Jessica
  2100 | D:3      | Killed Jessica
  2167 | D:3      | Reached skill level 5 in Fighting
  2183 | D:3      | Found a sparkling altar of Nemelex Xobeh.
  2224 | D:3      | Reached XP level 5. HP: 48/48 MP: 4/4
  2623 | D:3      | Found Zuoff's Antique Armour Boutique.
  2626 | D:3      | Bought a pair of gloves for 126 gold pieces
  2840 | D:4      | Noticed an ogre
  3018 | D:4      | Reached XP level 6. HP: 56/56 MP: 5/5
  3092 | D:4      | Reached skill level 5 in Axes
  3211 | D:4      | Reached skill level 6 in Fighting
  3211 | D:4      | Reached skill level 5 in Armour
  3211 | D:4      | Reached skill level 5 in Shields
  3294 | D:4      | Reached XP level 7. HP: 63/63 MP: 6/6
  3386 | D:4      | Found a basalt altar of Yredelemnul.
  3451 | D:4      | Found an ancient bone altar of Kikubaaqudgha.
  3451 | D:4      | Found a transporter.
  3457 | D:4      | Found a transporter.
  4035 | D:5      | Entered Level 5 of the Dungeon
  4176 | D:5      | Reached skill level 7 in Fighting
  4273 | D:5      | Found a stormy altar of Qazlal.
  4288 | D:5      | Found a burning altar of Makhleb.
  4363 | D:5      | Found an ornate altar of the Wu Jian Council.
  4395 | D:5      | Reached XP level 8. HP: 73/73 MP: 7/7
  4609 | D:5      | Found a hide-covered altar of Uskayaw.
  5623 | D:6      | Reached skill level 8 in Fighting
  5661 | D:6      | Found the +0 mask of the Dragon {Will+ Slay+3 SInv}
  6520 | D:7      | Found a snail-covered altar of Cheibriados.
  6529 | D:7      | Became a worshipper of Cheibriados the Contemplative
  6736 | D:7      | Reached skill level 1 in Invocations
  6811 | D:7      | Reached skill level 1 in Dodging
  6970 | D:7      | Found a staircase to the Ecumenical Temple.
  7303 | D:7      | Found a runed translucent door.
  7304 | D:7      | Noticed Crazy Yiuf
  7313 | D:7      | Killed Crazy Yiuf
  7466 | D:8      | Reached XP level 9. HP: 73/82 MP: 7/9
  7542 | D:8      | Reached * piety under Cheibriados
  7663 | D:8      | Reached skill level 9 in Fighting
  7711 | D:8      | Found a white marble altar of Elyvilon.
  8615 | D:8      | Found a glowing silver altar of Zin.
  9149 | D:9      | You fall into a shaft and drop 3 floors!
  9156 | D:11     | Noticed an unseen horror
  9165 | D:11     | Killed an unseen horror
  9247 | D:11     | Reached skill level 10 in Fighting
  9271 | D:10     | Entered Level 10 of the Dungeon
  9281 | D:10     | Paralysed by a hornet for 3 turns
  9290 | D:10     | Reached ** piety under Cheibriados
  9384 | D:10     | Noticed a troll
  9389 | D:10     | Killed a troll
  9395 | D:10     | Reached skill level 10 in Axes
  9395 | D:10     | Reached XP level 10. HP: 87/93 MP: 11/11
  9395 | D:10     | Noticed a two-headed ogre
  9404 | D:10     | Killed a two-headed ogre
  9439 | D:10     | Found a staircase to the Lair.
  9453 | D:10     | Reached skill level 11 in Fighting
  9535 | D:10     | Noticed a cyclops
  9538 | D:10     | Killed a cyclops
  9602 | D:10     | Identified the +0 robe of Fashionability {rPois rC+ Int+6
                  | Stlth-}
  9662 | D:9      | Noticed a two-headed ogre
  9662 | D:9      | Noticed a boulder beetle
  9674 | D:9      | Slain by a two-headed ogre

Illustrated notes

Levels and vault maps discovered:
D:1:      dpeg_arrival_erosion, layout_loops_ring, chequers_serial_rivers_room_a
D:2:      layout_basic, minmay_pentomino_o4
D:3:      layout_basic, amcnicky_altar_gilded, serial_shops,
          nicolae_shop_behind_doors, nrook_loot_triangle, uniq_jessica
D:4:      layout_basic, gammafunk_temple_overflow_arena,
          nicolae_yredelemnul_corpse_copse, serial_demonic, serial_demonic_g,
          serial_demonic_f, serial_demonic_b, serial_demonic_g,
          serial_demonic_f, serial_demonic_f, serial_demonic_f,
          kennysheep_big_empty_room
D:5:      layout_loops_ring, nzn_wu_jian_contemplation,
          mainiacjoe_overflow_alcove_4, mainiacjoe_overflow_divided_tiny
D:6:      layout_layer_cave, grunt_decor_resistance
D:7:      layout_rooms, mainiacjoe_overflow_alcove_1,
          minmay_temple_entry_offerings, nicolae_lava_and_water,
          serial_bayou_pond_e, minivault_22, uniq_crazy_yiuf_cottage
D:8:      layout_loops_corners, zin_treasury, mainiacjoe_overflow_24_doors,
          minivault_4, nrook_mini_vaults
D:9:      layout_roguey, nicolae_ru_path_of_blood, special_room
          [special_room_orc]
D:10:     layout_long_grid, grunt_gozag_breadcrumbs, lemuel_round_altar,
          minmay_lair_entry_grove, orc_0_dummy, serial_bayou,
          serial_bayou_crossing, serial_bayou_pond_c, serial_bayou_pond_c,
          serial_bayou_shore_b, serial_bayou_pond_d
D:11:     layout_rooms, minivault_15
D:12:     layout_basic, uniq_jorgrun

Skill      XL: |  1  2  3  4  5  6  7  8  9 10 |
---------------+-------------------------------+-----
Fighting       | 4 5 6 7 8 10 11 | 11.2
Axes           | 3 4 5 6 8 10 | 10.8
Armour         | 4 5 6 7 8 |  8.4
Shields        | 4 5 6 |  6.3
Invocations    | 1 3 4 |  4.2
Dodging        | 1 3 4 |  4.7

Action                     |  1- 3 |  4- 6 |  7- 9 | 10-12 || total
---------------------------+-------+-------+-------+-------++-------
  Melee: War axe           |    58 |   119 |   260 |    41 ||   478
         Headbutt          |     7 |    21 |    61 |     9 ||    98
    Use: Potion            |       |     1 |     1 |       ||     2
         Scroll            |       |       |    11 |       ||    11
 Armour: Scale mail        |    14 |       |       |       ||    14
         Chain mail        |    26 |   115 |     9 |       ||   150
         Plate armour      |       |       |   199 |    37 ||   236
  Dodge: Dodged            |    30 |    60 |    74 |    22 ||   186
  Block: Buckler           |    12 |    39 |   138 |    22 ||   211
         Reflection        |       |       |     3 |     3 ||     6
